AoeStats
← Zeza

Black Forest

507858808Analyzed
2v2 RM · 11d ago on Sep 20, 2026· 17m 40s· 4 players
Game mode
Random Map
Map size
Medium (4 player)
Population
200
Speed
Normal
Resources
Standard
Victory
Conquest
Starting age
Dark Age
Ending age
Imperial Age
RankedLock teamsTeams togetherTeam positionsShared explorationLock speedFull tech treeHidden civsTurbo modeCheats
Victory
Defeat
🇦🇷 Cumans · Argentina
1312
+17
🇦🇷 Saracens · Argentina
1287
+18
🇨🇦 Saracens · Canada
1403
-21
🇨🇦 Cumans · Canada
1243
-14
C h u c k
2:06 Loom
9:32 Feudal Age
12:37 Town Watch
12:43 Double-Bit Axe
14:06 Fletching
Calavera
0:34 Loom
10:07 Feudal Age
10:47 Double-Bit Axe
Koevanz
7:42 Loom
11:30 Feudal Age
12:32 Double-Bit Axe
12:29 Horse Collar
Zeza
1:20 Loom
11:43 Feudal Age
15:53 Castle Age
14:40 Double-Bit Axe
14:38 Horse Collar
14:50 Fletching
14:57 Gold Mining
16:50 Bow Saw
16:13 Demolition Ship
Connection lost

Rejoining the realm…

Still unreachable

The connection could not be restored.

Session expired

The server has moved on; the page needs a fresh start.